[ AOE2 MATCH · #507175594 ]
UnrankedTupi vs Incas
Player's team · LOSS
Rival team · WIN
[ REPLAY ANALYSIS · EXTRACTED FROM THE RECORDED GAME ]
Feudal
11:36
Castle
32:52
Imperial
—
| APM avg | 85.5 |
| APM peak | 139 |
| eAPM avg | 42.0 |
| Villagers / military | 162 / 11 |
Focus
⚔️ 46.1% · 🌾 53.9%
Unknown (2579) ×62 · Unknown (2550) ×28 · Mangonel ×11
Feudal
14:28
Castle
25:48
Imperial
—
| APM avg | 40.1 |
| APM peak | 72 |
| eAPM avg | 20.7 |
| Villagers / military | 128 / 55 |
Focus
⚔️ 34.2% · 🌾 65.8%
Kamayuk ×23 · Unknown (2550) ×16 · Archer ×12 · Scorpion ×9 · Battering Ram ×6 · Mangonel ×5
Match map
Initial resources + every placement click. Lines = walls · curves = elevation contours. ◆ gold · ⬟ stone · ● berries · ✦ relic · ◌ wall gap
Your base· Open — unwalled flank
Barón de la Cerveza's base· Open — unwalled flank
Smoothed initial terrain · ◌ = detected wall gap · hover for details
Inputs per minute
— SVTT | Альпинист - - Barón de la Cerveza
Build order — SVTT | Альпинист
First 150 of 367 actions detected
| 0:00 | Queue | Villager (Male) |
| 0:01 | Queue | Villager (Male) |
| 0:01 | Queue | Villager (Male) |
| 0:02 | Build | House |
| 0:04 | Build | House |
| 0:07 | Build | Barracks |
| 0:10 | Queue | Villager (Male) |
| 0:11 | Queue | Villager (Male) |
| 1:16 | Queue | Villager (Male) |
| 1:16 | Queue | Villager (Male) |
| 1:27 | Research | Loom |
| 1:27 | Research | Loom |
| 1:40 | Queue | Unit 2550 |
| 1:40 | Queue | Unit 2550 |
| 2:09 | Queue | Unit 2550 |
| 2:09 | Queue | Unit 2550 |
| 2:36 | Queue | Villager (Male) |
| 2:36 | Queue | Villager (Male) |
| 2:57 | Queue | Villager (Male) |
| 2:57 | Queue | Villager (Male) |
| 3:19 | Queue | Villager (Male) |
| 3:19 | Queue | Villager (Male) |
| 3:36 | Queue | Unit 2550 |
| 3:36 | Queue | Unit 2550 |
| 3:39 | Build | House |
| 3:52 | Queue | Villager (Male) |
| 3:53 | Queue | Villager (Male) |
| 4:42 | Queue | Villager (Male) |
| 4:42 | Queue | Villager (Male) |
| 4:58 | Queue | Villager (Male) |
| 4:58 | Queue | Villager (Male) |
| 4:59 | Queue | Villager (Male) |
| 5:19 | Queue | Villager (Male) |
| 5:20 | Queue | Villager (Male) |
| 5:22 | Build | House |
| 5:46 | Build | Outpost |
| 5:49 | Queue | Villager (Male) |
| 5:49 | Queue | Villager (Male) |
| 5:49 | Queue | Villager (Male) |
| 6:20 | Queue | Villager (Male) |
| 6:21 | Queue | Villager (Male) |
| 6:40 | Queue | Villager (Male) |
| 6:40 | Queue | Villager (Male) |
| 7:05 | Build | Settlement |
| 7:08 | Queue | Villager (Male) |
| 7:08 | Queue | Villager (Male) |
| 7:15 | Queue | Villager (Male) |
| 7:15 | Queue | Villager (Male) |
| 7:58 | Queue | Villager (Male) |
| 7:58 | Queue | Villager (Male) |
| 8:47 | Build | Settlement |
| 8:55 | Queue | Villager (Male) |
| 9:26 | Research | Feudal Age |
| 11:30 | Build | Settlement |
| 11:36 | Age | Feudal Age |
| 11:40 | Queue | Villager (Male) |
| 11:49 | Build | Watch Tower |
| 12:13 | Build | House |
| 12:13 | Queue | Villager (Male) |
| 12:14 | Queue | Villager (Male) |
| 12:17 | Build | Settlement |
| 12:22 | Build | Watch Tower |
| 12:29 | Build | Watch Tower |
| 12:29 | Queue | Villager (Male) |
| 12:29 | Queue | Villager (Male) |
| 12:29 | Queue | Villager (Male) |
| 12:30 | Queue | Villager (Male) |
| 12:43 | Build | Watch Tower |
| 12:58 | Queue | Villager (Male) |
| 12:59 | Queue | Villager (Male) |
| 12:59 | Queue | Villager (Male) |
| 12:59 | Queue | Villager (Male) |
| 12:59 | Queue | Villager (Male) |
| 13:01 | Queue | Villager (Male) |
| 13:20 | Queue | Villager (Male) |
| 13:20 | Queue | Villager (Male) |
| 13:20 | Queue | Villager (Male) |
| 13:20 | Queue | Villager (Male) |
| 13:29 | Build | Palisade Wall |
| 13:30 | Build | Palisade Wall |
| 13:30 | Build | Palisade Wall |
| 13:30 | Build | Palisade Wall |
| 13:41 | Queue | Villager (Male) |
| 13:41 | Queue | Villager (Male) |
| 13:41 | Queue | Villager (Male) |
| 14:11 | Build | Watch Tower |
| 14:17 | Queue | Villager (Male) |
| 14:18 | Queue | Villager (Male) |
| 14:19 | Queue | Villager (Male) |
| 14:19 | Queue | Villager (Male) |
| 14:48 | Build | Settlement |
| 14:54 | Queue | Villager (Male) |
| 14:54 | Queue | Villager (Male) |
| 14:54 | Queue | Villager (Male) |
| 14:54 | Queue | Villager (Male) |
| 15:10 | Queue | Villager (Male) |
| 15:31 | Build | Watch Tower |
| 15:34 | Research | Tech 1402 |
| 15:34 | Research | Tech 1402 |
| 15:35 | Queue | Villager (Male) |
| 15:35 | Queue | Villager (Male) |
| 15:35 | Queue | Villager (Male) |
| 15:35 | Queue | Villager (Male) |
| 15:45 | Queue | Villager (Male) |
| 15:45 | Queue | Villager (Male) |
| 15:54 | Build | Farm |
| 16:16 | Queue | Unit 2550 |
| 16:16 | Queue | Unit 2550 |
| 16:42 | Build | Watch Tower |
| 16:47 | Build | Watch Tower |
| 16:51 | Queue | Villager (Male) |
| 16:51 | Queue | Villager (Male) |
| 16:51 | Queue | Villager (Male) |
| 17:11 | Build | Watch Tower |
| 17:12 | Queue | Unit 2550 |
| 17:12 | Queue | Unit 2550 |
| 17:39 | Queue | Villager (Male) |
| 17:43 | Build | Market |
| 18:12 | Queue | Villager (Male) |
| 18:13 | Queue | Unit 2550 |
| 18:22 | Build | Watch Tower |
| 18:27 | Build | Watch Tower |
| 18:31 | Build | Blacksmith |
| 18:38 | Queue | Villager (Male) |
| 18:38 | Queue | Villager (Male) |
| 18:53 | Queue | Unit 2550 |
| 19:00 | Research | Arson |
| 19:00 | Research | Arson |
| 19:12 | Research | Fletching |
| 19:12 | Research | Fletching |
| 19:34 | Queue | Villager (Male) |
| 19:34 | Queue | Villager (Male) |
| 19:34 | Queue | Villager (Male) |
| 19:58 | Build | House |
| 20:01 | Queue | Villager (Male) |
| 20:01 | Queue | Villager (Male) |
| 20:02 | Build | Farm |
| 20:13 | Queue | Villager (Male) |
| 20:13 | Queue | Villager (Male) |
| 20:14 | Queue | Villager (Male) |
| 20:14 | Queue | Villager (Male) |
| 20:41 | Build | House |
| 20:51 | Queue | Villager (Male) |
| 20:51 | Queue | Villager (Male) |
| 20:51 | Queue | Villager (Male) |
| 20:55 | Research | Scale Mail Armor |
| 21:08 | Queue | Unit 2550 |
| 21:08 | Queue | Unit 2550 |
| 21:25 | Queue | Villager (Male) |
| 21:26 | Queue | Villager (Male) |
Build order — Barón de la Cerveza
First 150 of 332 actions detected
| 0:00 | Queue | Villager (Male) |
| 0:01 | Queue | Villager (Male) |
| 0:01 | Queue | Villager (Male) |
| 0:02 | Build | House |
| 0:04 | Build | House |
| 0:04 | Queue | Villager (Male) |
| 0:05 | Queue | Villager (Male) |
| 1:23 | Queue | Villager (Male) |
| 1:58 | Queue | Villager (Male) |
| 2:17 | Build | Settlement |
| 2:30 | Queue | Villager (Male) |
| 2:52 | Queue | Villager (Male) |
| 2:53 | Queue | Villager (Male) |
| 2:54 | Queue | Villager (Male) |
| 3:32 | Queue | Villager (Male) |
| 3:32 | Queue | Villager (Male) |
| 3:56 | Queue | Villager (Male) |
| 3:56 | Queue | Villager (Male) |
| 4:52 | Queue | Villager (Male) |
| 4:56 | Queue | Villager (Male) |
| 4:57 | Queue | Villager (Male) |
| 5:17 | Build | Barracks |
| 5:34 | Research | Loom |
| 6:00 | Queue | Unit 2550 |
| 6:00 | Queue | Unit 2550 |
| 6:13 | Build | Palisade Wall |
| 6:15 | Build | Palisade Wall |
| 6:16 | Build | Palisade Wall |
| 6:17 | Build | Palisade Wall |
| 6:26 | Queue | Villager (Male) |
| 6:26 | Queue | Villager (Male) |
| 6:32 | Build | House |
| 6:35 | Queue | Villager (Male) |
| 6:35 | Queue | Villager (Male) |
| 6:54 | Queue | Villager (Male) |
| 7:57 | Queue | Villager (Male) |
| 7:59 | Queue | Unit 2550 |
| 8:38 | Queue | Villager (Male) |
| 8:42 | Queue | Unit 2550 |
| 8:56 | Queue | Villager (Male) |
| 9:16 | Build | Settlement |
| 9:19 | Queue | Villager (Male) |
| 9:48 | Queue | Villager (Male) |
| 10:05 | Build | Settlement |
| 10:22 | Queue | Villager (Male) |
| 11:01 | Queue | Villager (Male) |
| 11:01 | Queue | Villager (Male) |
| 12:18 | Research | Feudal Age |
| 12:18 | Research | Feudal Age |
| 12:21 | Build | Palisade Wall |
| 12:33 | Build | House |
| 12:57 | Build | Settlement |
| 13:19 | Build | Palisade Wall |
| 13:23 | Build | Palisade Wall |
| 13:24 | Build | Palisade Wall |
| 13:26 | Build | Palisade Wall |
| 13:33 | Build | Palisade Wall |
| 13:34 | Build | Palisade Wall |
| 14:13 | Build | Palisade Wall |
| 14:28 | Age | Feudal Age |
| 14:32 | Queue | Villager (Male) |
| 14:45 | Build | Archery Range |
| 14:48 | Build | House |
| 14:52 | Queue | Villager (Male) |
| 14:52 | Queue | Villager (Male) |
| 15:12 | Research | Double-Bit Axe |
| 15:13 | Research | Double-Bit Axe |
| 15:15 | Build | Farm |
| 15:16 | Build | Farm |
| 15:17 | Queue | Villager (Male) |
| 15:19 | Build | Farm |
| 15:21 | Build | Settlement |
| 15:24 | Build | Settlement |
| 15:33 | Queue | Archer |
| 15:53 | Queue | Archer |
| 15:53 | Queue | Archer |
| 15:54 | Queue | Villager (Male) |
| 15:55 | Queue | Villager (Male) |
| 16:15 | Build | Farm |
| 16:18 | Build | Farm |
| 16:21 | Queue | Archer |
| 16:21 | Queue | Archer |
| 16:30 | Build | House |
| 16:43 | Queue | Archer |
| 16:43 | Queue | Archer |
| 16:52 | Queue | Villager (Male) |
| 17:07 | Build | Palisade Wall |
| 17:09 | Queue | Villager (Male) |
| 17:09 | Queue | Villager (Male) |
| 17:11 | Build | Farm |
| 17:18 | Queue | Archer |
| 17:33 | Build | Market |
| 17:46 | Build | Farm |
| 17:51 | Build | Farm |
| 17:52 | Build | Farm |
| 17:59 | Queue | Villager (Male) |
| 17:59 | Queue | Villager (Male) |
| 18:03 | Build | Farm |
| 18:04 | Build | Farm |
| 18:07 | Build | Farm |
| 18:24 | Build | Farm |
| 18:27 | Build | Farm |
| 18:33 | Queue | Villager (Male) |
| 18:33 | Queue | Villager (Male) |
| 18:50 | Build | Watch Tower |
| 18:55 | Queue | Villager (Male) |
| 19:22 | Build | Watch Tower |
| 19:43 | Queue | Villager (Male) |
| 19:43 | Queue | Villager (Male) |
| 19:53 | Build | Blacksmith |
| 20:47 | Build | House |
| 20:48 | Build | House |
| 20:50 | Research | Fletching |
| 20:51 | Queue | Villager (Male) |
| 20:51 | Queue | Villager (Male) |
| 20:51 | Queue | Villager (Male) |
| 20:51 | Queue | Villager (Male) |
| 21:29 | Queue | Archer |
| 21:29 | Queue | Archer |
| 21:29 | Queue | Archer |
| 21:48 | Build | Watch Tower |
| 21:53 | Queue | Villager (Male) |
| 21:54 | Queue | Villager (Male) |
| 21:54 | Queue | Villager (Male) |
| 21:55 | Build | House |
| 23:08 | Research | Castle Age |
| 23:08 | Research | Castle Age |
| 23:32 | Queue | Archer |
| 25:07 | Queue | Villager (Male) |
| 25:07 | Queue | Villager (Male) |
| 25:48 | Age | Castle Age |
| 25:59 | Build | Castle |
| 26:11 | Queue | Villager (Male) |
| 26:11 | Queue | Villager (Male) |
| 26:48 | Queue | Villager (Male) |
| 26:48 | Queue | Villager (Male) |
| 26:54 | Build | Siege Workshop |
| 26:55 | Queue | Villager (Male) |
| 26:55 | Queue | Villager (Male) |
| 27:18 | Research | Bodkin Arrow |
| 27:18 | Research | Bodkin Arrow |
| 28:04 | Build | Town Center |
| 28:09 | Queue | Villager (Male) |
| 28:09 | Queue | Villager (Male) |
| 28:09 | Queue | Villager (Male) |
| 28:22 | Queue | Villager (Male) |
| 29:07 | Queue | Kamayuk |
| 29:07 | Queue | Kamayuk |
| 29:07 | Queue | Kamayuk |
| 30:02 | Build | Farm |
Match timeline
| 0:07 | SVTT | Альпинист · first_building Barracks |
| 5:17 | Barón de la Cerveza · first_building Barracks |
| 6:13 | Barón de la Cerveza · wall_segment Palisade Wall x1 |
| 6:15 | Barón de la Cerveza · wall_segment Palisade Wall x1 |
| 6:16 | Barón de la Cerveza · wall_segment Palisade Wall x1 |
| 6:17 | Barón de la Cerveza · wall_segment Palisade Wall x1 |
| 11:36 | SVTT | Альпинист · age_up feudal |
| 12:21 | Barón de la Cerveza · wall_segment Palisade Wall x1 |
| 13:19 | Barón de la Cerveza · wall_segment Palisade Wall x2 |
| 13:23 | Barón de la Cerveza · wall_segment Palisade Wall x1 |
| 13:24 | Barón de la Cerveza · wall_segment Palisade Wall x1 |
| 13:26 | Barón de la Cerveza · wall_segment Palisade Wall x1 |
| 13:29 | SVTT | Альпинист · wall_segment Palisade Wall x2 |
| 13:30 | SVTT | Альпинист · wall_segment Palisade Wall x1 |
| 13:30 | SVTT | Альпинист · wall_segment Palisade Wall x1 |
| 13:30 | SVTT | Альпинист · wall_segment Palisade Wall x1 |
| 13:33 | Barón de la Cerveza · wall_segment Palisade Wall x1 |
| 13:34 | Barón de la Cerveza · wall_segment Palisade Wall x1 |
| 14:13 | Barón de la Cerveza · wall_segment Palisade Wall x1 |
| 14:28 | Barón de la Cerveza · age_up feudal |
| 14:45 | Barón de la Cerveza · first_building Archery Range |
| 17:07 | Barón de la Cerveza · wall_segment Palisade Wall x5 |
| 22:05 | Barón de la Cerveza · first_market_buy 100 food |
| 23:04 | Barón de la Cerveza · first_market_sell 100 wood |
| 23:32 | SVTT | Альпинист · first_market_buy 100 food |
| 25:48 | Barón de la Cerveza · age_up castle |
| 25:59 | Barón de la Cerveza · first_building Castle |
| 26:08 | SVTT | Альпинист · first_market_sell 100 food |
| 26:54 | Barón de la Cerveza · first_building Siege Workshop |
| 32:52 | SVTT | Альпинист · age_up castle |
| 33:01 | SVTT | Альпинист · first_building Castle |
| 34:56 | Barón de la Cerveza · first_building Monastery |
| 38:16 | SVTT | Альпинист · first_building Siege Workshop |
| 47:37 | SVTT | Альпинист · resign |
[ AI ANALYSIS · 1 CREDIT ]
What really happened in this match?
Wolo.gg analyzes every decision: build order, eco, micro, common mistakes by bracket. Personalized analysis on WhatsApp or Discord in 30 seconds.
Civ guide
Tupi
Perfil
Jugador #6375678